 Dungeon Crawl Stone Soup version 0.19.0-11-g3fc08b3 (webtiles) character file.

114 spe3d0 the Covered (level 4, -6/28 HPs)
             Began as a Gargoyle Fighter on Nov 9, 2016.
             Killed from afar by an orc wizard (9 damage)
             ... with a magic dart
             ... on level 3 of the Dungeon.
             The game lasted 00:02:43 (1758 turns).

spe3d0 the Covered (Gargoyle Fighter)               Turns: 1758, Time: 00:02:44

Health: -6/28      AC: 10    Str: 24    XL:     4   Next: 98%
Magic:  4/4        EV:  7    Int:  9    God:
Gold:   181        SH: 10    Dex: 10    Spells: 0 memorised, 3 levels left

rFire  . . .     SeeInvis .     a - +0 flail
rCold  . . .     Gourm    .     b - +0 scale mail
rNeg   + . .     Faith    .     c - +0 shield
rPois  ∞         Spirit   .     (no helmet)
rElec  +         Reflect  .     (no cloak)
rCorr  .         Harm     .     (no gloves)
MR     .....                    (no boots)
Stlth  ..........               (no amulet)
                                (no ring)
                                (no ring)

@: mighty
A: negative energy resistance 1, electricity resistance, unbreathing,
petrification resistance, rot immunity, AC +3
a: no special abilities


You were on level 3 of the Dungeon.
You were not hungry.

You visited 1 branch of the dungeon, and saw 3 of its levels.

You collected 181 gold pieces.


Innate Abilities, Weirdness & Mutations

You are resistant to torment.
Your stone body is resilient. (AC +3)
You are immune to poison.
You resist negative energy. (rN+)
You are resistant to electric shocks. (rElec)
You can survive without breathing.
You are immune to petrification.
You are immune to rotting.


   Skills:
 - Level 3.2 Fighting
 * Level 3.1 Maces & Flails
 * Level 4.4 Armour
 * Level 4.4 Shields


You had 3 spell levels left.
You didn't know any spells.

Inventory:

Hand Weapons
 a - a +0 flail (weapon)
Armour
 b - a +0 scale mail (worn)
 c - a +0 shield (worn)
Scrolls
 e - a scroll of blinking {unknown}
 h - 2 scrolls of identify {unknown}
 i - a scroll of magic mapping {unknown}
 k - 2 scrolls of teleportation {unknown}
 l - 2 scrolls of noise {unknown}
 r - a scroll of remove curse {unknown}
 t - a scroll of enchant weapon {unknown}
Potions
 m - a potion of invisibility {unknown}
 n - a potion of agility {unknown}
 o - a potion of haste {unknown}
 p - a potion of brilliance {unknown}
 s - a potion of flight {unknown}
Comestibles
 f - 3 bread rations {@e1}
 j - 3 fruits {@e2}
 q - a meat ration {@e1}

Dungeon Overview and Level Annotations

Branches:
Dungeon (3/15)

Altars:

..#####.. ....###.. ##
##......# .# #...$..##
.# ##.......## .#
##..o...o.### .###
##...oo.!.o.###...###
()....o.###.ooo##o..####
##.).o...#####oo@.......
##.......# #####...<..
##†......# #####
..#......# #......#.#
###.####..o #.....K.o.
....######o .....


You could see an orc wizard and 6 orcs.


Message History

The orc hits you but does no damage.
You blink.
The orc wizard mumbles some strange words.
The orc wizard seems to speed up.
You see here a green potion.
A giant cockroach comes into view.
The orc wizard casts a cantrip, but nothing happens.
Found an escape hatch in the ceiling.
The giant cockroach closely misses you. You block the giant cockroach's attack.
You barely miss the giant cockroach. You block the giant cockroach's attack.
You closely miss the giant cockroach.
The giant cockroach bites you but does no damage.
The giant cockroach completely misses you.
You sock the giant cockroach!
You kill the giant cockroach!
You block the orc's attack. The orc closely misses you.
You closely miss the orc. You closely miss the orc. The orc barely misses you.
You hit the orc.
The orc is severely wounded.
The orc hits you but does no damage.
You thump the orc!
You kill the orc!
The orc wizard gestures at you while chanting.
The puff of flame hits you!
* * * LOW HITPOINT WARNING * * *
You closely miss the orc wizard. The orc wizard hits you with a dagger.
* * * LOW HITPOINT WARNING * * *
The orc wizard gestures at you while chanting.
The magic dart hits you!
You die...

Skill      XL: |  1  2  3  4 |
---------------+-------------+-----
Armour         | 4 |  4.4
Shields        | 4 |  4.4
Maces & Flails | 3 |  3.1
Fighting       | |  3.2

Action                   |  1- 3 |  4- 6 || total
-------------------------+-------+-------++-------
Melee: Flail             |   163 |    78 ||   241
  Use: Potion            |       |     1 ||     1
  Eat: Chunk             |     2 |     1 ||     3
Armor: Scale mail        |    85 |    54 ||   139
Dodge: Dodged            |    63 |    25 ||    88
Block: Shield            |    97 |    40 ||   137

Vault maps used:
D:1:      shiori_shiawase, minmay_cupped
D:2:      first_bread
D:3:      tgw_xom, kennysheep_generic_room_3

Notes
Turn   | Place    | Note
-------+----------+-------------------------------------------
     0 | D:1      | spe3d0 the Gargoyle Fighter began the quest for the Orb.
     0 | D:1      | Reached XP level 1. HP: 14/14 MP: 1/1
    77 | D:1      | Reached XP level 2. HP: 18/19 MP: 2/2
   869 | D:1      | Reached XP level 3. HP: 21/23 MP: 3/3
  1049 | D:2      | Reached skill level 4 in Armour
  1300 | D:2      | Reached skill level 4 in Shields
  1495 | D:2      | Reached XP level 4. HP: 28/28 MP: 4/4
  1738 | D:3      | Reached skill level 3 in Maces & Flails
  1758 | D:3      | Killed from afar by an orc wizard

Vanquished Creatures
  An orc wizard (D:3)
  3 adders
  A worm (D:2)
  2 dart slugs (D:1)
  2 leopard geckos
  5 orcs (D:3)
  4 giant cockroaches
  2 goblins
  3 hobgoblins (D:1)
  3 jackals (D:2)
  9 kobolds
  A quokka (D:2)
  3 bats (D:1)
  7 frilled lizards
  5 rats
51 creatures vanquished.
